 Seeded DCSS version 0.30.1 (webtiles) character file.

Game seed: 7229806256980976716 (custom seed)

8 McKennaii the Chiller (level 1, -1/14 HPs)
             Began as a Demigod Ice Elementalist on July 13, 2023.
             Slain by a jackal (3 damage)
             ... on level 1 of the Dungeon.
             The game lasted 00:00:19 (430 turns).

McKennaii the Chiller (Demigod Ice Elementalist)     Turns: 430, Time: 00:00:20

Health: -1/14      AC:  2    Str:  9    XL:     1   Next: 80%
Magic:  1/5        EV: 12    Int: 17    God:
Gold:   27         SH:  0    Dex: 14    Spells: 3/4 levels left

rFire   . . .        (no weapon)
rCold   . . .        (no shield)
rNeg    . . .        a - +0 robe
rPois   .            (no helmet)
rElec   .            (no cloak)
rCorr   .            (no gloves)
SInv    .            (no boots)
Will    .....        (no amulet)
Stlth   ++           (no ring)
HPRegen 0.22/turn    (no ring)
MPRegen 0.09/turn

%: no passive effects
@: no status effects
A: high MP 1, forlorn, divine attributes
a: no special abilities


You were on level 1 of the Dungeon.
You visited 1 branch of the dungeon, and saw 1 of its levels.

You collected 27 gold pieces.

Inventory:

Missiles
 c - a throwing net
Armour
 a - a +0 robe (worn)
Scrolls
 d - 2 scrolls of amnesia {unknown}
 e - a scroll of blinking {unknown}
 g - 2 scrolls of identify {unknown}
Potions
 b - a potion of magic
 f - a potion of mutation {unknown}


   Skills:
 - Level 1.7 Dodging
 - Level 1.7 Stealth
 + Level 2.1 Spellcasting
 + Level 3.8 Ice Magic


You had 3 spell levels left.
You knew the following spells:

 Your Spells              Type           Power      Damage    Failure   Level
a - Freeze                Ice            56%        1d7       4%          1

Your spell library contained the following spells:

 Spells                   Type           Power      Damage    Failure   Level
 Frozen Ramparts          Ice            28%        1d5       12%         3
 Ozocubu's Armour         Ice            14%        N/A       12%         3
 Summon Ice Beast         Ice/Summ       8%         N/A       65%         4


Dungeon Overview and Level Annotations

Branches:
Dungeon (1/15)


Innate Abilities, Weirdness & Mutations

You have an increased reservoir of magic. (+10% MP)
You shall have no god before yourself.
Your divine heritage dramatically boosts your attributes as you level up.


Message History

A rat comes into view.
You see here 5 stones.
The hobgoblin attacks as you move away! The hobgoblin closely misses you.
The jackal attacks as you move away!
The jackal bites you but does no damage.
The jackal closely misses you. The hobgoblin attacks as you move away!
The hobgoblin hits you but does no damage.
The jackal bites you. The jackal attacks as you move away!
The jackal bites you.
There is an escape hatch in the floor here.
You hit the jackal but do no damage. The jackal barely misses you.
The jackal bites you.
* * * LOW HITPOINT WARNING * * *
You are too injured to fight recklessly!
Casting: Freeze (safe; 4% risk of failure)
Confirm with . or Enter, or press ? or * to list all spells.
Aiming: Freeze (safe; 4% risk of failure)
Press: ? - help, Shift-Dir - straight line, f - jackal, p - jackal
Aim: a jackal You freeze the jackal.
The jackal is heavily wounded.
The jackal barely misses you.
Unknown command.
You hit the jackal but do no damage.
The jackal is heavily wounded.
The jackal bites you but does no damage.
You barely miss the jackal.
The jackal is heavily wounded.
The jackal bites you.
* * * LOW HITPOINT WARNING * * *
The jackal bites you.
* * * LOW HITPOINT WARNING * * *
You closely miss the jackal.
The jackal is heavily wounded.
The jackal misses you.
You hit the jackal but do no damage.
The jackal is heavily wounded.
The jackal bites you.
You die...

(#.##### #.......##.# #.#.
.......# #.#.....##.# #.#.
######.# #.#.......†# #.#.
#.# ##.#.....#).#######.#.
#.#####....................(
#......###...###.########..#
#.#.##..#.#.## #.# #..#
#.#.##.#.##.# #.# #..#
##.#.##.#.##@# #.########..#
...#.#....##h# #...........#
.......#..##h# ###########.#
.....#†...##r# #.#
.###.##.#.##g# #.#
#.....r...# #.# #....(..###
#.# #r..###[#..# #.#
........#..... #.#


You could see a quokka, 2 jackals and a hobgoblin.

Vanquished Creatures
  3 bats (D:1)
  A hobgoblin (D:1)
  A jackal (D:1)
  A quokka (D:1)
  A frilled lizard (D:1)
7 creatures vanquished.

Notes
Turn   | Place    | Note
-------+----------+-------------------------------------------
     0 | D:1      | McKennaii the Demigod Ice Elementalist began the quest for
                  | the Orb.
     0 | D:1      | Reached XP level 1. HP: 14/14 MP: 5/5
   430 | D:1      | Slain by a jackal

Illustrated notes

Levels and vault maps discovered:
D:1:      spicycebolla_arrival_ecumenical, layout_loops_ring

Skill      XL: |  1 |
---------------+----+-----
Spellcasting   | 2 |  2.1
Dodging        | |  1.7
Stealth        | |  1.7
Ice Magic      | |  3.8

Action                     || total
---------------------------++-------
  Melee: Unarmed           ||    11
   Cast: Freeze            ||    15
 Armour: Robe              ||    10
  Dodge: Dodged            ||    25
